 Dungeon Crawl Stone Soup version 0.23.1 (webtiles) character file.

Game seed: 17109669911643182759

37 Borgoz the Skirmisher (level 3, -8/31 HPs)
             Began as a Ghoul Monk on Mar 17, 2019.
             Mangled by a hobgoblin
             ... wielding a +0 war axe
              (11 damage)
             ... on level 2 of the Dungeon.
             The game lasted 00:02:34 (1108 turns).

Borgoz the Skirmisher (Ghoul Monk)                  Turns: 1108, Time: 00:02:34

Health: -8/31      AC:  2    Str: 14    XL:     3   Next: 41%
Magic:  2/2        EV: 13    Int:  6    God:
Gold:   85         SH:  0    Dex: 11    Spells: 2/2 levels left

rFire    . . .     SeeInvis .   a - +0 short sword
rCold    + . .     Gourm    .   (no shield)
rNeg     + + +     Faith    .   b - +0 robe
rPois    ∞         Spirit   .   (no helmet)
rElec    .         Reflect  .   (no cloak)
rCorr    .         Harm     .   (no gloves)
MR       .....                  (no boots)
Stlth    ++........             (no amulet)
HPRegen  0.00/turn              (no ring)
MPRegen  0.08/turn              (no ring)

@: rotting
A: rotting body, claws 1, carnivore, cold resistance 1, negative energy
resistance 3, inhibited regeneration, torment resistance, unbreathing
a: no special abilities


You were on level 2 of the Dungeon.
You were not hungry.

You visited 1 branch of the dungeon, and saw 2 of its levels.

You collected 85 gold pieces.

Inventory:

Hand Weapons
 a - a +0 short sword (weapon)
Armour
 b - a +0 robe (worn)
Jewellery
 f - an uncursed ring of fire {unknown}
Scrolls
 g - a scroll of fear {unknown}
 h - a scroll of teleportation {unknown}
 i - a scroll of enchant armour {unknown}
 k - a scroll of magic mapping {unknown}
 l - a scroll of identify {unknown}
Potions
 d - 2 potions of heal wounds {unknown}
 e - a potion of curing {unknown}
 j - a potion of flight {unknown}
Comestibles
 c - 7 rations


   Skills:
 + Level 3.5 Fighting
 * Level 3.1 Short Blades
 * Level 1.0 Armour
 * Level 3.0 Dodging
 + Level 2.4 Stealth


You had 2 spell levels left.
You didn't know any spells.
Your spell library was empty.

Dungeon Overview and Level Annotations

Branches:
Dungeon (2/15)

Altars:

Annotations:
D:2 1 runed translucent door, Crazy Yiuf


Innate Abilities, Weirdness & Mutations

Your body is rotting away.
You thrive on raw meat.
You are immune to poison.
You have sharp fingernails.
You are carnivorous and can eat meat at any time.
Your flesh is cold resistant. (rC+)
You are immune to negative energy. (rN+++)
You do not regenerate when monsters are visible.
You are immune to unholy pain and torment.
You can survive without breathing.


Message History

The hobgoblin barely misses you.
You hit the hobgoblin but do no damage.
The hobgoblin is moderately wounded.
The hobgoblin barely misses you.
You hit the hobgoblin but do no damage.
The hobgoblin is moderately wounded.
The hobgoblin hits you with a +0 war axe.
You hit the hobgoblin but do no damage.
The hobgoblin is moderately wounded.
You hit the hobgoblin but do no damage.
The hobgoblin is moderately wounded.
The hobgoblin hits you with a +0 war axe.
You hit the hobgoblin but do no damage.
The hobgoblin is moderately wounded.
The hobgoblin hits you with a +0 war axe!
* * * LOW HITPOINT WARNING * * *
You hit the hobgoblin but do no damage.
The hobgoblin is moderately wounded.
The hobgoblin hits you with a +0 war axe!
You die...

#.########.......####
..# ###.........
#####.#########..#......
........................
..####.######.#.......#.
..# #.## ###.##.######
..# #..# #....#......+
..# ##.###...S########.
### #..##...wg@.......
##### ##.####'##########
....# #..#..S........#
###.#####.#..........(#
#.......#...........#
#######.###.#.......#
...##.#.......#
#.[##.#.......# ##
##.##.#.........


You could see an adder, a dart slug and a hobgoblin.

Vanquished Creatures
  An adder (D:2)
  A dart slug (D:2)
  3 giant cockroaches
  3 goblins (D:1)
  5 hobgoblins
  4 jackals (D:1)
  2 bats
  3 kobolds (D:1)
  A rat (D:1)
23 creatures vanquished.

Notes
Turn   | Place    | Note
-------+----------+-------------------------------------------
     0 | D:1      | Borgoz the Ghoul Monk began the quest for the Orb.
     0 | D:1      | Reached XP level 1. HP: 19/19 MP: 0/0
   135 | D:1      | Reached XP level 2. HP: 21/26 MP: 1/1
   299 | D:2      | Reached XP level 3. HP: 17/31 MP: 2/2
   360 | D:1      | Reached skill level 1 in Armour
   887 | D:2      | Found a runed translucent door.
   888 | D:2      | Noticed Crazy Yiuf
  1108 | D:2      | Mangled by a hobgoblin

Skill      XL: |  1  2  3 |
---------------+----------+-----
Short Blades   | 3 |  3.1
Dodging        | 3 |  3.0
Armour         | 1 |  1.0
Fighting       | |  3.5
Stealth        | |  2.4

Action                   || total
-------------------------++-------
Melee: Short sword       ||   139
 Stab: Sleeping          ||     2
  Eat: Chunk             ||     9
Armor: Robe              ||    30
Dodge: Dodged            ||   113
